 Dungeon Crawl Stone Soup version 0.25.1-8-g42b30a86e7 (webtiles) character file.

Game seed: 11428500081419290491

218 raphaelitos the Magician (level 5, 0/28 HPs)
             Began as a Deep Elf Venom Mage on Dec 15, 2020.
             Was an Initiate of Sif Muna.
             Succumbed to a goblin's poison
             ... on level 3 of the Dungeon.
             The game lasted 00:08:31 (2807 turns).

raphaelitos the Magician (Deep Elf Venom Mage)      Turns: 2807, Time: 00:08:32

Health: 0/28       AC:  2    Str:  5    XL:     5   Next: 63%
Magic:  0/13       EV: 13    Int: 21    God:    Sif Muna [......]
Gold:   94         SH:  0    Dex: 15    Spells: 4/13 levels left

rFire    . . .     SeeInvis .   l - +1 dagger (venom)
rCold    . . .     Gourm    .   (no shield)
rNeg     . . .     Faith    .   a - +0 robe
rPois    .         Spirit   +   (no helmet)
rElec    .         Reflect  .   (no cloak)
rCorr    .         Harm     .   (no gloves)
MR       .....                  (no boots)
Stlth    ++........             e - amulet of guardian spirit
HPRegen  0.09/turn              (no ring)
MPRegen  0.13/turn              (no ring)

@: lethally poisoned (0 -> -13), hasted, very quick
A: no striking features
a: Renounce Religion


You were on level 3 of the Dungeon.
You worshipped Sif Muna.
Sif Muna was noncommittal.
You were hungry.

You visited 1 branch of the dungeon, and saw 3 of its levels.

You collected 94 gold pieces.

Inventory:

Hand Weapons
 h - a +0 dagger
 l - a +1 dagger of venom (weapon)
Missiles
 b - 12 arrows
 f - 2 sling bullets
 i - 11 poisoned darts (quivered)
 k - 2 javelins
Armour
 a - a +0 robe (worn)
Jewellery
 e - an amulet of guardian spirit (around neck)
Wands
 n - a wand of random effects (27)
Scrolls
 m - a scroll of amnesia
Comestibles
 c - 2 rations


   Skills:
 + Level 0.2 Fighting
 + Level 1.0 Short Blades
 + Level 3.0 Dodging
 + Level 3.5 Stealth
 + Level 4.5 Spellcasting
 + Level 1.4 Transmutations
 + Level 0.1 Fire Magic
 + Level 2.6 Air Magic
 + Level 4.2 Poison Magic


You had 4 spell levels left.
You knew the following spells:

 Your Spells              Type           Power        Failure   Level  Hunger
a - Sting                 Tmut/Pois      ###.         3%          1    None
b - Poisonous Vapours     Pois/Air       ###...       4%          2    #......
c - Mephitic Cloud        Conj/Pois/Air  ##......     13%         3    ##.....
d - Ignite Poison         Fire/Tmut/Pois ##......     16%         3    ##.....

Your spell library contained the following spells:

 Spells                   Type           Power        Failure   Level  Hunger
 Olgreb's Toxic Radiance  Pois           ###.....     21%         4    ####...


Dungeon Overview and Level Annotations

Branches:
Dungeon (3/15)

Altars:
Nemelex Xobeh
Sif Muna
Uskayaw
Xom
Yredelemnul
Zin

Annotations:
D:3 Natasha


Message History

The sting hits the goblin.
The goblin is poisoned.
The goblin is moderately wounded.
You feel sick.
The goblin throws a poisoned dart.
The poisoned dart closely misses you.
You feel sick.
Natasha hisses angrily.
Natasha casts a spell at you. The magic dart hits you!
* * * LOW HITPOINT WARNING * * *
The goblin throws a poisoned dart.
The poisoned dart closely misses you.
* * * LOW HITPOINT WARNING * * *
You feel sick.
Okay, then.
You feel yourself speed up.
* * * LOW HITPOINT WARNING * * *
You feel sick. Natasha casts a spell at you. The magic dart hits you!
* * * LOW HITPOINT WARNING * * *
You die...

#h....... ..
.....
#......##...
..)..
#.........#
.....
#..g......#.
#)...
###((..g......
.).#.
#(..###..##.#.
## #...# #..#
. #.$.# ..#..#
#.(@####.....#
#........#.g.#
#.(.##...#...#
#.............
#...##.(....##
#...##.##.....
##..†......###
#.........###
#.....>......


There were no monsters in sight!

Vanquished Creatures
  An orc wizard (D:3)
  Natasha (twice) (D:3)
  Terence (D:2)
  6 adders
  2 worms (D:2)
  A leopard gecko (D:2)
  3 orcs (D:3)
  A ball python (D:2)
  2 bats (D:1)
  2 giant cockroaches
  7 goblins
  8 hobgoblins
  4 jackals
  5 kobolds
  2 frilled lizards
  3 rats
50 creatures vanquished.

Notes
Turn   | Place    | Note
-------+----------+-------------------------------------------
     0 | D:1      | raphaelitos the Deep Elf Venom Mage began the quest for the
                  | Orb.
     0 | D:1      | Reached XP level 1. HP: 10/10 MP: 6/6
   346 | D:1      | Reached XP level 2. HP: 15/15 MP: 4/8
   350 | D:1      | Learned a level 2 spell: Poisonous Vapours
  1182 | D:2      | Reached XP level 3. HP: 19/19 MP: 7/10
  1262 | D:2      | Reached skill level 1 in Air Magic
  1683 | D:2      | Reached XP level 4. HP: 24/24 MP: 4/12
  1756 | D:2      | Found a shimmering altar of Xom.
  1826 | D:2      | Found a basalt altar of Yredelemnul.
  1826 | D:2      | Found a glowing silver altar of Zin.
  1827 | D:2      | Found a hide-covered altar of Uskayaw.
  1828 | D:2      | Found a sparkling altar of Nemelex Xobeh.
  1829 | D:2      | Found a shimmering blue altar of Sif Muna.
  1990 | D:2      | Noticed Terence
  1995 | D:2      | Killed Terence
  2253 | D:2      | Became a worshipper of Sif Muna the Loreminder
  2273 | D:3      | Noticed Natasha
  2366 | D:3      | Killed Natasha
  2366 | D:3      | Reached XP level 5. HP: 23/28 MP: 2/13
  2381 | D:3      | Learned a level 3 spell: Mephitic Cloud
  2385 | D:3      | Learned a level 3 spell: Ignite Poison
  2586 | D:3      | Noticed Natasha
  2688 | D:3      | Killed Natasha
  2688 | D:3      | Reached skill level 1 in Short Blades
  2716 | D:3      | Noticed Natasha
  2805 | D:3      | HP: 1/28 [Natasha/magic dart (1)]
  2807 | D:3      | Succumbed to a goblin's poison

Illustrated notes

Levels and vault maps discovered:
D:1:      dpeg_arrival_fog, layout_loops_cross
D:2:      layout_loops_ring, grunt_temple_overflow_open, lemuel_tele_altar,
          uniq_terence
D:3:      layout_rooms, uniq_crazy_yiuf_cottage, uniq_natasha

Skill      XL: |  1  2  3  4  5 |
---------------+----------------+-----
Air Magic      | 1 2 |  2.6
Poison Magic   | 4 |  4.2
Spellcasting   | 4 |  4.5
Stealth        | 3 |  3.5
Short Blades   | 1 |  1.0
Dodging        | 3 |  3.0
Fighting       | |  0.2
Transmutations | |  1.4
Fire Magic     | |  0.1

Action                   |  1- 3 |  4- 6 || total
-------------------------+-------+-------++-------
Melee: Dagger            |    12 |    42 ||    54
 Cast: Sting             |    24 |     7 ||    31
       Poisonous Vapours |    25 |    19 ||    44
       Ignite Poison     |       |     1 ||     1
  Use: Scroll            |     2 |     4 ||     6
       Potion            |       |     1 ||     1
 Stab: Sleeping          |     3 |     5 ||     8
  Eat: Chunk             |     3 |     3 ||     6
Armor: Robe              |     5 |     3 ||     8
Dodge: Dodged            |    22 |    41 ||    63
